 Dungeon Crawl Stone Soup version 0.27.1-1-g398f81649c (webtiles) character file.

Game seed: 4045067828223114278

2963 Rickety the Covert (level 9, -15/39 HPs)
             Began as a Spriggan Enchanter on Sept 7, 2021.
             Demolished by a manticore (18 damage)
             ... on level 7 of the Dungeon.
             The game lasted 00:25:57 (10115 turns).

Rickety the Covert (Spriggan Enchanter)            Turns: 10115, Time: 00:25:57

Health: -15/39     AC:  3    Str:  4    XL:     9   Next: 52%
Magic:  19/19      EV: 21    Int: 17    God:
Gold:   269        SH:  6    Dex: 18    Spells: 11/20 levels left

rFire    + . .     SeeInvis +   a - +7 Spriggan's Knife {stab, EV+4 Stlth+}
rCold    . . .     Faith    .   x - +0 buckler
rNeg     . . .     Spirit   .   g - +1 robe
rPois    .         Reflect  .   (helmet restricted)
rElec    .         Harm     .   (no cloak)
rCorr    .         Rampage  .   (gloves unavailable)
Will     +....                  (boots unavailable)
Stlth    ++++++....             i - amulet of the acrobat
HPRegen  0.13/turn              t - ring of protection from fire
MPRegen  0.16/turn              (no ring)

@: about to teleport, spiked, very quick
A: very small, no large weapons, unfitting armour, see invisible, speed 3
a: no special abilities


You were on level 7 of the Dungeon.
You visited 2 branches of the dungeon, and saw 8 of its levels.

You collected 269 gold pieces.

Inventory:

Hand Weapons
 a - the +7 Spriggan's Knife (weapon) {stab, EV+4 Stlth+}
   (You found it on level 5 of the Dungeon)

   It is more effective when stabbing unaware enemies, treating them as though
   they were completely helpless.
   EV:        It affects your evasion (+4).
   Stlth:     It makes you more stealthy.
 b - a +2 dagger of venom
 e - a +3 dagger
 f - a +5 vampiric short sword
 n - a +3 short sword of electrocution
Missiles
 z - 2 throwing nets
Armour
 g - a +1 robe (worn)
 u - the +1 buckler of the Boiling Point {Rampage Str-5 Int+8}
   (You acquired it on level 6 of the Dungeon)

   Str:       It affects your strength (-5).
   Int:       It affects your intelligence (+8).
   Rampage:   It bestows one free step when moving towards enemies.
 x - a +0 buckler (worn)
Magical Staves
 p - a staff of fire
Jewellery
 i - an amulet of the acrobat (around neck)
 t - a ring of protection from fire (left hand)
Wands
 y - a wand of paralysis (7)
Scrolls
 h - 5 scrolls of teleportation
 q - a scroll of enchant armour
 r - 2 scrolls of magic mapping
 v - 2 scrolls of vulnerability {unknown}
Potions
 c - 2 potions of attraction
 d - a potion of ambrosia
 j - 2 potions of lignification {unknown}
 k - a potion of degeneration {unknown}
 m - 2 potions of cancellation {unknown}
 o - a potion of curing
 s - a potion of mutation {unknown}
 w - a potion of might {unknown}


   Skills:
 + Level 7.3 Short Blades
 - Level 2.9 Dodging
 + Level 12.6 Stealth
 * Level 1.2 Shields
 - Level 6.0 Spellcasting
 * Level 0.7 Conjurations
 * Level 7.2 Hexes
 - Level 2.8 Ice Magic


You had 11 spell levels left.
You knew the following spells:

 Your Spells              Type           Power      Damage    Failure   Level
a - Corona                Hex            32%        N/A       1%          1
b - Ensorcelled Hibernat  Hex/Ice        44%        N/A       3%          2
c - Confusing Touch       Hex            29%        N/A       3%          3
d - Dazzling Flash        Conj/Hex       36%        N/A       11%         3

Your spell library contained the following spells:

 Spells                   Type           Power      Damage    Failure   Level
 Tukima's Dance           Hex            29%        N/A       3%          3
 Iskenderun's Mystic Bla  Conj/Tloc      6%         2d4       86%         4
 Starburst                Conj/Fire      3%         6d3       100%        6


Dungeon Overview and Level Annotations

Branches:
Dungeon (7/15)             Temple (1/1) D:7

Altars:
Cheibriados
Elyvilon
Fedhas
Gozag
Hepliaklqana
Kikubaaqudgha
Makhleb
Nemelex Xobeh
Okawaru
Qazlal
Ru
Sif Muna
Trog
Uskayaw
Vehumet
Wu Jian
Xom
Yredelemnul
Zin

Shops:
D:5 [

Annotations:
D:5 3 runed translucent doors, GravelGoth's ghost, novice MiFi
D:7 Harold


Innate Abilities, Weirdness & Mutations

You are very small and have problems with some larger weapons.
You are too small for most types of armour.
You have supernaturally acute eyesight. (SInv)
You cover ground extremely quickly. (Speed+++)


Message History

Harold is moderately wounded.
The boulder beetle leaps!
You hit Harold.
Harold is moderately wounded.
Harold hits you with a +1 scimitar of holy wrath!
* * * LOW HITPOINT WARNING * * *
There is a stone staircase leading up, spattered with blood here.
You see here a throwing net.
You climb upwards.
There is a stone staircase leading down, spattered with blood here.
You start resting.
Magic restored.
You start resting.
The sentinel's mark upon you fades away.
You start resting.
HP restored.
You climb downwards.
Level annotation: Harold You block Harold's attack.
The manticore flicks its tail.
The volley of spikes hits you!
The barbed spikes become lodged in your body.
The boulder beetle bites you! Harold barely misses you.
There is a stone staircase leading up, spattered with blood here.
You see here a throwing net.
The barbs in your skin will harm you if you move.
Continue?
Okay, then.
You puncture Harold!
Harold is lightly wounded.
You hit Harold.
Harold is lightly wounded.
The boulder beetle misses you. Harold barely misses you.
You hit Harold.
Harold is lightly wounded.
The boulder beetle completely misses you.
Harold hits you with a +1 scimitar of holy wrath!
* * * LOW HITPOINT WARNING * * *
As you read the scroll of teleportation, it crumbles to dust.
You feel strangely unstable. The manticore bites you!!
You die...

#######.......)...#
#######'#######.####
....).....# #......#
..........# #.######
.......)..# #......#
'######'#####).....#
.## #............#
..##.....#####.H...#
#.##.....# #[B@..#
#..#.....# #.@..(#
##.####'## ###'###
#Y.# #.# #'#
##.###.. #........#
#..##.# #........#
##@##.# ##........#
#..#.##....########
##.#.......


You could see a boulder beetle, Harold and a manticore.

Vanquished Creatures
  Pikel (D:5)
  Prince Ribbit (D:7)
  Eustachio (D:5)
  Menkaure (D:4)
  A water moccasin (D:5)
  Duvessa (D:4)
  3 ice beasts
  3 sky beasts
  An ogre (D:7)
  A lemure (D:5)
  A centaur (D:5)
  A kobold brigand (D:7)
  A gnoll sergeant (D:6)
  2 scorpions
  Dowan (D:4)
  6 killer bees
  A centaur skeleton (D:6)
  A hound (D:5)
  An orc priest (D:4)
  Terence (D:2)
  3 iguanas
  4 orc wizards
  Natasha (D:4)
  Robin (D:4)
  A howler monkey skeleton (D:4)
  6 gnolls
  9 adders
  A worm (D:3)
  A dart slug (D:3)
  7 orcs
  4 endoplasms
  3 giant cockroaches
  5 hobgoblins
  2 jackals (D:4)
  7 kobolds
  2 quokkas (D:3)
  4 ball pythons
  8 bats
  3 frilled lizards
  17 goblins
  4 rats
123 creatures vanquished.

Notes
Turn   | Place    | Note
-------+----------+-------------------------------------------
     0 | D:1      | Rickety the Spriggan Enchanter began the quest for the Orb.
     0 | D:1      | Reached XP level 1. HP: 9/9 MP: 5/5
   735 | D:1      | Reached XP level 2. HP: 2/13 MP: 6/6
  1020 | D:1      | Learned a level 2 spell: Ensorcelled Hibernation
  1077 | D:1      | Reached skill level 5 in Stealth
  1599 | D:2      | Noticed Terence
  1604 | D:2      | Killed Terence
  1605 | D:2      | Reached skill level 6 in Stealth
  1605 | D:2      | Reached XP level 3. HP: 8/16 MP: 5/8
  2400 | D:2      | Found a faded altar of an unknown god.
  3017 | D:3      | Reached skill level 7 in Stealth
  3017 | D:3      | Reached XP level 4. HP: 15/21 MP: 3/9
  3261 | D:3      | Found a sacrificial altar of Ru.
  3551 | D:3      | Reached skill level 8 in Stealth
  4113 | D:4      | Noticed Duvessa
  4211 | D:4      | Noticed Robin
  4340 | D:4      | Reached XP level 5. HP: 17/24 MP: 10/10
  4727 | D:4      | Killed Robin
  4728 | D:4      | Reached skill level 1 in Ice Magic
  4933 | D:4      | Reached XP level 6. HP: 24/28 MP: 11/11
  4959 | D:4      | Noticed Dowan
  5521 | D:4      | Noticed Natasha
  5564 | D:4      | Killed Dowan
  5565 | D:4      | Reached skill level 9 in Stealth
  5756 | D:4      | Killed Natasha
  5771 | D:4      | Noticed Menkaure
  5779 | D:4      | Killed Menkaure
  6007 | D:4      | Killed Duvessa
  6008 | D:4      | Reached XP level 7. HP: 8/32 MP: 9/12
  6331 | D:4      | Found an ornate altar of the Wu Jian Council.
  6410 | D:5      | Entered Level 5 of the Dungeon
  6427 | D:5      | Noticed Eustachio
  6448 | D:5      | Killed Eustachio
  6449 | D:5      | Reached skill level 5 in Short Blades
  6449 | D:5      | Reached skill level 10 in Stealth
  6537 | D:5      | Found the +7 Spriggan's Knife {stab, EV+4 Stlth+}
  6541 | D:5      | Noticed Pikel
  6567 | D:5      | Killed Pikel
  6568 | D:5      | Reached XP level 8. HP: 31/36 MP: 6/14
  6657 | D:5      | Reached skill level 11 in Stealth
  6674 | D:5      | Found a runed translucent gate.
  6674 | D:5      | Found a runed translucent gate.
  6674 | D:5      | Found a runed translucent gate.
  6678 | D:5      | Found Ruratod's Armour Shoppe.
  6717 | D:5      | Reached skill level 5 in Hexes
  6760 | D:5      | Noticed GravelGoth's ghost (novice MiFi)
  6948 | D:5      | Found a burning altar of Makhleb.
  6955 | D:5      | Found a glowing silver altar of Zin.
  6955 | D:5      | Noticed a blizzard demon
  6955 | D:5      | Noticed an angel
  7593 | D:5      | Learned a level 3 spell: Confusing Touch
  7597 | D:5      | Learned a level 3 spell: Dazzling Flash
  7683 | D:6      | Found a stormy altar of Qazlal.
  7732 | D:6      | Reached skill level 5 in Spellcasting
  7782 | D:6      | Identified a scroll of acquirement
  7782 | D:6      | Acquired the +1 buckler of the Boiling Point {Rampage Str-5
                  | Int+8}
  7854 | D:6      | Reached XP level 9. HP: 27/39 MP: 10/17
  8012 | D:6      | Reached skill level 12 in Stealth
  8250 | D:7      | Found a staircase to the Ecumenical Temple.
  8259 | Temple   | Entered the Ecumenical Temple
  8433 | D:7      | Noticed a manticore
  8433 | D:7      | Noticed Prince Ribbit
  8436 | D:7      | Noticed a boulder beetle
  9653 | D:7      | Noticed Harold
  9756 | D:7      | Killed Prince Ribbit
  9757 | D:7      | Reached skill level 1 in Shields
 10115 | D:7      | Demolished by a manticore

Illustrated notes

Levels and vault maps discovered:
D:1:      dpeg_arrival_windows_large_door, layout_loops_cross
D:2:      layout_basic, serial_curves, eino_curves_04, eino_curves_01,
          eino_curves_03, eino_curves_03, basic_ecumenical_altar, uniq_terence
D:3:      layout_basic, nicolae_ru_great_annihilating_truth,
          minmay_misc_feat_square
D:4:      layout_loops_cross, pdpol_wu_jian_five_deadly_venoms, uniq_natasha,
          uniq_duvessa, uniq_menkaure, uniq_robin
D:5:      layout_cave_pods, grunt_temple_overflow_order_and_chaos_2,
          gammafunk_ghost_icy, serial_shops, shop, kennysheep_crisscross,
          uniq_pikel, uniq_eustachio
D:6:      layout_rooms, nicolae_qazlal_general_emergency
D:7:      layout_basic, minmay_temple_entry_statues_fountains,
          minmay_manual_mail, uniq_harold, uniq_prince_ribbit1
Temple:   jpeg_temple_clearing

Skill      XL: |  1  2  3  4  5  6  7  8  9 |
---------------+----------------------------+-----
Stealth        | 6 7 8 9 10 11 12 | 12.6
Ice Magic      | 1 2 |  2.8
Short Blades   | 2 4 6 7 |  7.3
Spellcasting   | 3 5 6 |  6.0
Hexes          | 4 6 7 |  7.2
Shields        | 1 |  1.2
Dodging        | |  2.9
Conjurations   | |  0.7

Action                   |  1- 3 |  4- 6 |  7- 9 || total
-------------------------+-------+-------+-------++-------
Melee: Dagger            |    49 |   102 |    54 ||   205
       Short sword       |    42 |    36 |     2 ||    80
       Knife             |       |       |   104 ||   104
 Cast: Corona            |     2 |       |     2 ||     4
       Ensorcelled Hiber |    16 |    11 |    31 ||    58
       Confusing Touch   |       |       |     7 ||     7
  Use: Scroll            |     7 |     3 |     3 ||    13
       Potion            |       |     1 |     4 ||     5
 Stab: Sleeping          |    15 |     9 |    30 ||    54
       Paralysed         |       |     1 |       ||     1
       Distracted        |       |     1 |       ||     1
Armor: Robe              |    12 |     5 |    13 ||    30
Dodge: Dodged            |    71 |    87 |   135 ||   293
Block: Buckler           |       |       |    21 ||    21
